 Dungeon Sprint DCSS version 0.25-a0-796-gd415a3ffb0 (webtiles) character file.

Game seed: 2137332064631991351, levelgen mode: deterministic

7590 jt the Thaumaturge (level 11, -5/82 HPs)
             Began as a Gnoll Skald on Apr 18, 2020.
             Was a High Priest of Cheibriados.
             Slain by a demonic crawler (7 damage)
             ... in the Dungeon (Sprint I: "Red Sonja").
             The game lasted 00:09:33 (2269 turns).

jt the Thaumaturge (Gnoll Skald)                    Turns: 2269, Time: 00:09:35

Health: -5/82      AC:  9    Str: 27    XL:     11   Next: 17%
Magic:  19/25      EV: 18    Int: 27    God:    Cheibriados [*****.]
Gold:   334        SH:  0    Dex: 25    Spells: 23/31 levels left

rFire    . . .     SeeInvis .   a - +0 mace
rCold    . . .     Gourm    .   (no shield)
rNeg     . . .     Faith    .   i - +0 chain mail
rPois    .         Spirit   .   (helmet restricted)
rElec    .         Reflect  .   (no cloak)
rCorr    .         Harm     .   s - +0 pair of gloves
MR       .....     NoTele   +   (no boots)
Stlth    ++........             (no amulet)
HPRegen  0.00/turn              j - +3 ring of slaying
MPRegen  0.19/turn              (no ring)

@: singing, very slow
A: distributed training, fangs 1, horns 1, blurry vision 1, clumsy 2, deformed
body, deterioration 1, dopey 2, frail 1, screaming 3, inhibited regeneration,
weak 1, subdued magic 3, strong nose
a: Bend Time, Temporal Distortion, Slouch, Step From Time, Renounce Religion


You were in the Dungeon.
You worshipped Cheibriados.
Cheibriados was extremely pleased with you.
You were not hungry.

You visited 1 branch You collected 1003 gold pieces.
You spent 669 gold pieces at shops.

Inventory:

Hand Weapons
 a - a +0 mace (weapon)
 f - a +0 shortbow
 l - a +0 scythe
 n - a +2 dagger of venom
 r - a +0 longbow
Missiles
 o - 3 curare-tipped darts (quivered)
 p - 35 arrows
 q - 66 stones
Armour
 b - a +0 leather armour
 i - a +0 chain mail (worn)
 k - a +0 ring mail
 m - a +2 robe of cold resistance
 s - a +0 pair of gloves (worn)
Jewellery
 j - a +3 ring of slaying (left hand)
Wands
 c - a wand of flame (15)
Scrolls
 t - a scroll of identify
Potions
 e - 3 potions of curing
 g - a potion of haste
 h - 2 potions of magic
Comestibles
 d - 2 rations


   Skills:
 + Level 10.7 Fighting
 + Level 9.7 Short Blades
 + Level 9.7 Long Blades
 + Level 9.7 Axes
 + Level 10.7 Maces & Flails
 + Level 9.7 Polearms
 + Level 9.7 Staves
 + Level 9.7 Slings
 + Level 9.7 Bows
 + Level 9.7 Crossbows
 + Level 9.7 Throwing
 + Level 10.1 Armour
 + Level 10.7 Dodging
 + Level 9.7 Stealth
 + Level 9.7 Shields
 + Level 9.7 Unarmed Combat
 + Level 10.9 Spellcasting
 + Level 8.2 Conjurations
 + Level 8.2 Hexes
 + Level 9.9 Charms
 + Level 8.2 Summonings
 + Level 8.2 Necromancy
 + Level 8.2 Translocations
 + Level 8.2 Transmutations
 + Level 8.2 Fire Magic
 + Level 8.2 Ice Magic
 + Level 8.2 Air Magic
 + Level 8.2 Earth Magic
 + Level 8.2 Poison Magic
 + Level 10.6 Invocations
 + Level 9.7 Evocations


You had 23 spell levels left.
You knew the following spells:

 Your Spells              Type           Power        Failure   Level  Hunger
a - Infusion              Chrm           ####         1%          1    None
b - Song of Slaying       Chrm           #####...     1%          2    None
c - Shroud of Golubria    Chrm/Tloc      ####..       1%          2    None
d - Spectral Weapon       Hex/Chrm       ####....     1%          3    None

Your spell library contained the following spells:

 Spells                   Type           Power        Failure   Level  Hunger
 Ozocubu's Armour         Chrm/Ice       ####....     1%          3    None


Dungeon Overview and Level Annotations

Branches:
Dungeon (1/1)

Altars:
Cheibriados
Dithmenos
Elyvilon
Fedhas
Gozag
Hepliaklqana
Kikubaaqudgha
Makhleb
Nemelex Xobeh
Okawaru
Qazlal
Ru
Sif Muna
Trog
Uskayaw
Vehumet
Wu Jian
Xom
Yredelemnul
Zin
The Shining One
Jiyva
Lugonu

Shops:
D (??*[}[

Annotations:
D exclusion: oklob plant


Innate Abilities, Weirdness & Mutations

Your experience applies equally to all skills.
You have very sharp teeth.
Your uncanny sense of smell can sniff out nearby items.
You have a pair of small horns on your head.
Scrolls take you a little longer to read.
You are very clumsy. (Dex -4)
Armour fits poorly on your strangely shaped body.
Your body sometimes deteriorates upon taking damage.
You are very dopey. (Int -4)
You are frail. (-10% HP)
You frequently scream uncontrollably at your foes.
You do not regenerate when monsters are visible.
You are weak. (Str -2)
Your spells are much easier to cast, but much less powerful.


Message History

Unknown command.
You hit the demonic crawler.
The demonic crawler is moderately wounded.
The demonic crawler barely misses you.
The demonic crawler hits you but does no damage.
The demonic crawler barely misses you.
The demonic crawler completely misses you.
The demonic crawler hits you.
* * * LOW HITPOINT WARNING * * *
The demonic crawler misses you. x2; The demonic crawler barely misses you.
The demonic crawler hits you.
* * * LOW HITPOINT WARNING * * *
You hit the demonic crawler.
The demonic crawler is lightly wounded.
Your spectral weapon closely misses the demonic crawler.
The demonic crawler barely misses you.
The demonic crawler hits you but does no damage.
The demonic crawler closely misses you. The demonic crawler misses you.
The demonic crawler hits you!
You die...

#################
#..'..#__#..'...#∆∆
∆∆
'..#..)^.'..#..(##+#∆
#####'#__####..s@s.#∆
∆
#...#.####.§#####..+∆
#..##[#≈≈≈§§#..# +##
##'#_.+§§§..§§(#
.'..._#§§≈.§#§§#
##_.#'##'#####s###
###'#.#....###P'.#
###.####§###.###s#
.'...+.§§..'.∩# §#


You could see 2 demonic crawlers and a friendly spectral +0 mace.

Vanquished Creatures
  2 centaur warriors (D)
  Sonja (D)
  A deep troll (D)
  8 shining eyes (D)
  2 demonic crawlers (D)
  2 kobold demonologists (D)
  A hornet (D)
  A slime creature (D)
  Sigmund (D)
  A yak (D)
  5 floating eyes (D)
  An ogre (D)
  A jelly (D)
  Ijyb (D)
28 creatures vanquished.

Vanquished Creatures (others)
  A gargoyle (D)
  2 ballistomycete spores (D)
  3 spectral weapons (D)
6 creatures vanquished.

Grand Total: 34 creatures vanquished

Notes
Turn   | Place    | Note
-------+----------+-------------------------------------------
     0 | D        | jt the Gnoll Skald began the quest for the Orb.
     0 | D        | Reached XP level 1. HP: 20/20 MP: 6/6
     2 | D        | Noticed Ijyb
    15 | D        | Killed Ijyb
    15 | D        | Reached skill level 1 in Short Blades
    15 | D        | Reached skill level 1 in Long Blades
    15 | D        | Reached skill level 1 in Axes
    15 | D        | Reached skill level 1 in Polearms
    15 | D        | Reached skill level 1 in Staves
    15 | D        | Reached skill level 1 in Slings
    15 | D        | Reached skill level 1 in Bows
    15 | D        | Reached skill level 1 in Crossbows
    15 | D        | Reached skill level 1 in Throwing
    15 | D        | Reached skill level 1 in Stealth
    15 | D        | Reached skill level 1 in Shields
    15 | D        | Reached skill level 1 in Unarmed Combat
    15 | D        | Reached skill level 5 in Spellcasting
    15 | D        | Reached skill level 1 in Conjurations
    15 | D        | Reached skill level 1 in Hexes
    15 | D        | Reached skill level 1 in Summonings
    15 | D        | Reached skill level 1 in Necromancy
    15 | D        | Reached skill level 1 in Translocations
    15 | D        | Reached skill level 1 in Transmutations
    15 | D        | Reached skill level 1 in Fire Magic
    15 | D        | Reached skill level 1 in Ice Magic
    15 | D        | Reached skill level 1 in Air Magic
    15 | D        | Reached skill level 1 in Earth Magic
    15 | D        | Reached skill level 1 in Poison Magic
    15 | D        | Reached skill level 1 in Evocations
    15 | D        | Reached XP level 2. HP: 13/26 MP: 8/8
    15 | D        | Reached XP level 3. HP: 16/32 MP: 9/9
    18 | D        | Noticed an ogre
    25 | D        | Killed an ogre
    25 | D        | Reached skill level 5 in Fighting
    25 | D        | Reached skill level 5 in Maces & Flails
    25 | D        | Reached skill level 5 in Dodging
    25 | D        | Reached XP level 4. HP: 14/39 MP: 9/11
    25 | D        | Reached XP level 5. HP: 16/44 MP: 10/13
   102 | D        | Killed a gargoyle
   212 | D        | Learned a level 2 spell: Song of Slaying
   215 | D        | Learned a level 2 spell: Shroud of Golubria
   219 | D        | Learned a level 3 spell: Spectral Weapon
   222 | D        | Noticed Sigmund
   230 | D        | Killed Sigmund
   230 | D        | Reached skill level 5 in Armour
   230 | D        | Reached XP level 6. HP: 28/52 MP: 9/15
   370 | D        | Found a shimmering blue altar of Sif Muna.
   371 | D        | Found an ornate altar of the Wu Jian Council.
   372 | D        | Found a radiant altar of Vehumet.
   408 | D        | Found Norio's General Store.
   408 | D        | Found an ancient bone altar of Kikubaaqudgha.
   408 | D        | Found a stormy altar of Qazlal.
   408 | D        | Found a blossoming altar of Fedhas.
   408 | D        | Found a bloodstained altar of Trog.
   408 | D        | Found an iron altar of Okawaru.
   408 | D        | Found a glowing golden altar of the Shining One.
   408 | D        | Found a glowing silver altar of Zin.
   408 | D        | Found a white marble altar of Elyvilon.
   408 | D        | Noticed a yak
   419 | D        | Killed a yak
   419 | D        | Reached skill level 5 in Short Blades
   419 | D        | Reached skill level 5 in Long Blades
   419 | D        | Reached skill level 5 in Axes
   419 | D        | Reached skill level 5 in Polearms
   419 | D        | Reached skill level 5 in Staves
   419 | D        | Reached skill level 5 in Slings
   419 | D        | Reached skill level 5 in Bows
   419 | D        | Reached skill level 5 in Crossbows
   419 | D        | Reached skill level 5 in Throwing
   419 | D        | Reached skill level 5 in Stealth
   419 | D        | Reached skill level 5 in Shields
   419 | D        | Reached skill level 5 in Unarmed Combat
   419 | D        | Reached skill level 5 in Invocations
   419 | D        | Reached skill level 5 in Evocations
   419 | D        | Reached XP level 7. HP: 32/59 MP: 13/17
   420 | D        | Found a hazy altar of Hepliaklqana.
   420 | D        | Found a hide-covered altar of Uskayaw.
   420 | D        | Found a basalt altar of Yredelemnul.
   420 | D        | Found an opulent altar of Gozag.
   420 | D        | Found a snail-covered altar of Cheibriados.
   420 | D        | Found a sacrificial altar of Ru.
   420 | D        | Found a shadowy altar of Dithmenos.
   421 | D        | Found a sparkling altar of Nemelex Xobeh.
   562 | D        | Became a worshipper of Cheibriados the Contemplative
   576 | D        | Found a burning altar of Makhleb.
   576 | D        | Found a viscous altar of Jiyva.
   576 | D        | Found a shimmering altar of Xom.
   576 | D        | Found a corrupted altar of Lugonu.
   576 | D        | Noticed a slime creature
   587 | D        | Killed a slime creature
   731 | D        | Noticed a kobold demonologist
   732 | D        | Noticed a kobold demonologist
   732 | D        | Paralysed by a floating eye for 2 turns
   735 | D        | Noticed a hellwing
   735 | D        | Paralysed by a floating eye for 3 turns
   736 | D        | Noticed a sixfirhy
   757 | D        | Noticed a rust devil
   757 | D        | Noticed a hellwing
   759 | D        | Killed a kobold demonologist
   759 | D        | Reached * piety under Cheibriados
   759 | D        | Reached skill level 5 in Conjurations
   759 | D        | Reached skill level 5 in Hexes
   759 | D        | Reached skill level 5 in Summonings
   759 | D        | Reached skill level 5 in Necromancy
   759 | D        | Reached skill level 5 in Translocations
   759 | D        | Reached skill level 5 in Transmutations
   759 | D        | Reached skill level 5 in Fire Magic
   759 | D        | Reached skill level 5 in Ice Magic
   759 | D        | Reached skill level 5 in Air Magic
   759 | D        | Reached skill level 5 in Earth Magic
   759 | D        | Reached skill level 5 in Poison Magic
   759 | D        | Reached XP level 8. HP: 60/68 MP: 15/19
   777 | D        | Gained mutation: Your spells are a little easier to cast,
                  | but a little less powerful. [a neqoxec]
   794 | D        | Killed a kobold demonologist
   794 | D        | Reached ** piety under Cheibriados
  1061 | D        | Noticed Sonja
  1067 | D        | Killed Sonja
  1067 | D        | Reached XP level 9. HP: 27/75 MP: 18/21
  1254 | D        | Found Hoim's Weapon Boutique.
  1312 | D        | Noticed a deep troll
  1320 | D        | Killed a deep troll
  1342 | D        | Found Buumis's Armour Emporium.
  1410 | D        | Noticed a shining eye
  1410 | D        | Noticed a shining eye
  1410 | D        | Noticed a shining eye
  1410 | D        | Gained mutation: You are dopey. (Int -2) [a shining eye]
  1447 | D        | Killed a shining eye
  1448 | D        | Gained mutation: You occasionally shout uncontrollably at
                  | your foes. [a shining eye]
  1453 | D        | Gained mutation: You have a pair of small horns on your
                  | head. [a shining eye]
  1459 | D        | Killed a shining eye
  1459 | D        | Reached *** piety under Cheibriados
  1472 | D        | Noticed a centaur warrior
  1510 | D        | Noticed a centaur warrior
  1515 | D        | Killed a centaur warrior
  1515 | D        | Reached XP level 10. HP: 54/83 MP: 19/23
  1528 | D        | Killed a centaur warrior
  1528 | D        | Reached skill level 10 in Spellcasting
  1820 | D        | Reached **** piety under Cheibriados
  1825 | D        | Noticed an oklob plant
  2054 | D        | Bought a +3 ring of slaying for 585 gold pieces
  2055 | D        | Bought a +0 pair of gloves for 58 gold pieces
  2060 | D        | Bought a scroll of identify for 26 gold pieces
  2139 | D        | Noticed a shining eye
  2139 | D        | Noticed a shining eye
  2139 | D        | Noticed a shining eye
  2140 | D        | Gained mutation: You sometimes yell uncontrollably at your
                  | foes. [a shining eye]
  2141 | D        | Noticed a shining eye
  2141 | D        | Noticed a shining eye
  2141 | D        | Paralysed by a floating eye for 4 turns
  2145 | D        | Reached skill level 10 in Fighting
  2145 | D        | Reached skill level 10 in Maces & Flails
  2145 | D        | Reached skill level 10 in Dodging
  2146 | D        | Gained mutation: You do not regenerate when monsters are
                  | visible. [a shining eye]
  2146 | D        | Gained mutation: You are frail. (-10% HP) [a shining eye]
  2146 | D        | Gained mutation: You are clumsy. (Dex -2) [a shining eye]
  2147 | D        | Gained mutation: Your spells are easier to cast, but less
                  | powerful. [a shining eye]
  2150 | D        | Killed a shining eye
  2153 | D        | Gained mutation: Scrolls take you a little longer to read.
                  | [a shining eye]
  2155 | D        | Paralysed by a floating eye for 4 turns
  2158 | D        | Gained mutation: Armour fits poorly on your strangely
                  | shaped body. [a shining eye]
  2160 | D        | Reached ***** piety under Cheibriados
  2160 | D        | Lost mutation: You are dopey. (Int -2) [a shining eye]
  2161 | D        | Killed a shining eye
  2164 | D        | Gained mutation: Your spells are much easier to cast, but
                  | much less powerful. [a shining eye]
  2167 | D        | Killed a shining eye
  2167 | D        | Reached skill level 10 in Invocations
  2167 | D        | Gained mutation: You are very clumsy. (Dex -4) [a shining
                  | eye]
  2169 | D        | Gained mutation: You frequently scream uncontrollably at
                  | your foes. [a shining eye]
  2169 | D        | Gained mutation: You are weak. (Str -2) [a shining eye]
  2171 | D        | Killed a shining eye
  2172 | D        | Gained mutation: You are dopey. (Int -2) [a shining eye]
  2173 | D        | Gained mutation: Your body sometimes deteriorates upon
                  | taking damage. [a shining eye]
  2174 | D        | Killed a shining eye
  2174 | D        | Reached XP level 11. HP: 82/82 MP: 25/25
  2174 | D        | Gained mutation: You are very dopey. (Int -4) [a shining
                  | eye]
  2178 | D        | Killed a shining eye
  2178 | D        | Reached skill level 10 in Armour
  2187 | D        | Found Zoasin's Magic Scroll Shoppe.
  2187 | D        | Found Kuforph's Antique Armour Shop.
  2187 | D        | Found Gavoa's Magic Scroll Emporium.
  2187 | D        | Found Pasetiot's Gadget Boutique.
  2268 | D        | HP: 3/82 [demonic crawler (2)]
  2269 | D        | Slain by a demonic crawler

Levels and vault maps discovered:
D:        dungeon_sprint_1 [red_sonja_temple_1, red_sonja_temple_small_1]

Skill      XL: |  1  2  3  4  5  6  7  8  9 10 11 |
---------------+----------------------------------+-----
Short Blades   | 1 3 4 5 6 7 8 9 |  9.7
Long Blades    | 1 3 4 5 6 7 8 9 |  9.7
Axes           | 1 3 4 5 6 7 8 9 |  9.7
Polearms       | 1 3 4 5 6 7 8 9 |  9.7
Staves         | 1 3 4 5 6 7 8 9 |  9.7
Slings         | 1 3 4 5 6 7 8 9 |  9.7
Bows           | 1 3 4 5 6 7 8 9 |  9.7
Crossbows      | 1 3 4 5 6 7 8 9 |  9.7
Throwing       | 1 3 4 5 6 7 8 9 |  9.7
Armour         | 3 4 5 6 7 8 9 10 | 10.1
Stealth        | 1 3 4 5 6 7 8 9 |  9.7
Shields        | 1 3 4 5 6 7 8 9 |  9.7
Unarmed Combat | 1 3 4 5 6 7 8 9 |  9.7
Spellcasting   | 5 6 7 8 9 10 | 10.9
Conjurations   | 1 2 3 4 5 6 8 |  8.2
Hexes          | 1 2 3 4 5 6 8 |  8.2
Summonings     | 1 2 3 4 5 6 8 |  8.2
Necromancy     | 1 2 3 4 5 6 8 |  8.2
Translocations | 1 2 3 4 5 6 8 |  8.2
Transmutations | 1 2 3 4 5 6 8 |  8.2
Fire Magic     | 1 2 3 4 5 6 8 |  8.2
Ice Magic      | 1 2 3 4 5 6 8 |  8.2
Air Magic      | 1 2 3 4 5 6 8 |  8.2
Earth Magic    | 1 2 3 4 5 6 8 |  8.2
Poison Magic   | 1 2 3 4 5 6 8 |  8.2
Invocations    | 2 3 4 5 6 7 9 10 | 10.6
Evocations     | 1 3 4 5 6 7 8 9 |  9.7
Fighting       | 5 6 7 8 9 10 | 10.7
Maces & Flails | 5 6 7 8 9 10 | 10.7
Dodging        | 5 6 7 8 9 10 | 10.7
Charms         | 6 7 8 9 |  9.9

Action                   |  1- 3 |  4- 6 |  7- 9 | 10-12 || total
-------------------------+-------+-------+-------+-------++-------
Melee: Mace              |    17 |    17 |    82 |    67 ||   183
       Bite              |     2 |     2 |    18 |    22 ||    44
       Punch             |       |     1 |     3 |     8 ||    12
       Headbutt          |       |       |     3 |    30 ||    33
Throw: Dart              |       |       |     9 |     2 ||    11
 Cast: Spectral Weapon   |       |     3 |     8 |     4 ||    15
       Shroud of Golubri |       |     1 |     3 |     1 ||     5
       Song of Slaying   |       |       |       |     1 ||     1
  Use: Potion            |     1 |       |     1 |     1 ||     3
       Scroll            |       |       |       |     1 ||     1
 Stab: Sleeping          |       |       |     1 |       ||     1
       Distracted        |       |       |     1 |     2 ||     3
  Eat: Ration            |       |       |     1 |       ||     1
Armor: Leather armour    |     2 |       |       |       ||     2
       Robe              |       |     2 |    28 |       ||    30
       Chain mail        |       |       |       |    10 ||    10
Dodge: Dodged            |     9 |     5 |   106 |    52 ||   172

Table legend:
 A = Non-vault XP
 B = Vault XP
 C = Vault XP percentage of total XP
 D = Non-vault monster count
 E = Vault monster count
 F = Vault count percentage of total count
                 A         B        C        D         E       F
            +---------+---------+-------+---------+---------+-------
      Total |       0 |   10843 | 100.0 |       0 |      28 | 100.0
            +---------+---------+-------+---------+---------+-------
          D |       0 |   10843 | 100.0 |       0 |      28 | 100.0
            +---------+---------+-------+---------+---------+-------
